 Dungeon Crawl Stone Soup version 0.28-a0-1074-g3cb2360906 (webtiles) character file.

Game seed: 16271449386224139541

15 CheeseeCupcake the Skirmisher (level 2, 0/19 HPs)
             Began as a Gargoyle Berserker on Dec 9, 2021.
             Was a Follower of Trog.
             Slain by a gnoll (7 damage)
             ... on level 1 of the Dungeon.
             The game lasted 00:01:49 (713 turns).

CheeseeCupcake the Skirmisher (Gargoyle Berserker)   Turns: 713, Time: 00:01:50

Health: 0/19       AC:  5    Str: 20    XL:     2   Next: 50%
Magic:  2/2        EV: 11    Int:  7    God:    Trog [*.....]
Gold:   15         SH:  0    Dex:  9    Spells: 1/1 levels left

rFire   . . .      SeeInvis .   a - +0 hand axe
rCold   . . .      Faith    .   (no shield)
rNeg    + . .      Spirit   .   b - +0 animal skin
rPois   ∞          Reflect  .   (no helmet)
rElec   +          Harm     .   (no cloak)
rCorr   .          Rampage  .   (no gloves)
Will    .....                   (no boots)
Stlth   +.........              (no amulet)
HPRegen 0.06/turn               (no ring)
MPRegen 0.08/turn               (no ring)

@: no status effects
A: sickness immunity, AC +2, negative energy resistance 1, electricity
resistance, torment resistance 1, petrification resistance
a: Renounce Religion, Berserk


You were on level 1 of the Dungeon.
You worshipped Trog.
Trog was aware of your devotion.
You visited 1 branch of the dungeon, and saw 2 of its levels.

You collected 15 gold pieces.

Inventory:

Hand Weapons
 a - a +0 hand axe (weapon)
Armour
 b - a +0 animal skin (worn)
Scrolls
 c - a scroll of identify {unknown}
 e - a scroll of enchant armour {unknown}
Potions
 d - a potion of mutation {unknown}


   Skills:
 - Level 3.5 Fighting
 * Level 3.1 Axes
 - Level 2.2 Armour
 - Level 1.6 Dodging


You had one spell level left.
You didn't know any spells.
Your spell library was empty.

Dungeon Overview and Level Annotations

Branches:
Dungeon (2/15)

Altars:

Shops:
D:1 ==(


Innate Abilities, Weirdness & Mutations

You are immune to sickness and miasma.
Your stone body is resilient. (AC +2)
You are immune to poison.
You resist negative energy. (rN+)
You are resistant to electric shocks. (rElec)
You are resistant to unholy torment.
You are immune to petrification.


Message History

Trog accepts your kill.
No target in view!
You see here a rat corpse.
You see here 25 arrows.
You see here 25 arrows.
You see here 25 arrows.
As you open the door, it creaks loudly!
There is an open door here.
A quokka and a goblin come into view.
The goblin shouts!
You barely miss the goblin. The goblin hits you but does no damage.
You closely miss the goblin. The goblin hits you but does no damage.
You hit the goblin but do no damage. The goblin hits you but does no damage.
You barely miss the quokka. You hit the goblin.
You kill the goblin!
Trog accepts your kill. The quokka bites you.
You slash the quokka!
You kill the quokka!
Trog accepts your kill.
No target in view!
Things that are here:
a +0 dagger; a goblin corpse A gnoll comes into view.
It is wielding a +0 club.
The gnoll shouts!
No target in view!
No target in view!
Found 13 gold pieces.
You hit the gnoll.
The gnoll is moderately wounded.
The gnoll hits you with a +0 club!
You hit the gnoll.
The gnoll is almost dead.
The gnoll hits you with a +0 club.
You are too injured to fight recklessly!
You are too injured to fight recklessly!
You closely miss the gnoll.
The gnoll is almost dead.
The gnoll hits you with a +0 club!
You die...

#.# #.# #.# ..
########## ..# ...
.........# #.#
.............# ..#
#.##.........# #.#
#.##......$..# #.#
#..#.......g.#
#.####.......###@#
#................#
######..###.###..#
###).....###..#
#.............#
#.#..###.....##
#....###.#####
####.....# #######


You could see a gnoll.

Vanquished Creatures
  A bat (D:1)
  2 endoplasms (D:1)
  A goblin (D:1)
  4 jackals (D:1)
  A kobold (D:1)
  A quokka (D:1)
  2 rats (D:1)
12 creatures vanquished.

Notes
Turn   | Place    | Note
-------+----------+-------------------------------------------
     0 | D:1      | CheeseeCupcake the Gargoyle Berserker began the quest for
                  | the Orb.
     0 | D:1      | Reached XP level 1. HP: 14/14 MP: 1/1
   348 | D:1      | Found Fayqaet's Jewellery Emporium.
   361 | D:1      | Found Hottei's Jewellery Shoppe.
   366 | D:1      | Reached XP level 2. HP: 17/19 MP: 2/2
   577 | D:1      | Found Zeedex's Antique Weapon Boutique.
   713 | D:1      | Slain by a gnoll

Illustrated notes

Levels and vault maps discovered:
D:1:      giann_forest_graveyard, layout_basic,
          dreamdust_ecumenical_altar_drowned_temple, serial_shops,
          nicolae_shop_temple_entry_statues_fountains, shop, shop_fountains,
          nicolae_shop_behind_doors
D:2:      layout_basic

Skill      XL: |  1  2 |
---------------+-------+-----
Axes           | 3 |  3.1
Fighting       | |  3.5
Armour         | |  2.2
Dodging        | |  1.6

Action                   || total
-------------------------++-------
Melee: Hand axe          ||    32
Armor: Animal skin       ||    13
Dodge: Dodged            ||    12

Table legend: (Time is in decaauts)
 A = Elapsed time spent in this place.
 B = Non-inter-level travel time spent in this place.
 C = Inter-level travel time spent in this place.
 D = Time resting spent in this place.
 E = Time spent auto-exploring this place.
 F = Levels seen in this place.
 G = Mean time per level.
                   A        B        C        D        E       F      G
               +--------+--------+--------+--------+--------+-----+--------+
         Total |    718 |    718 |      0 |    234 |    401 |   2 |  359.0 |
       Dungeon |    718 |    718 |      0 |    234 |    401 |   2 |  359.0 |
               +--------+--------+--------+--------+--------+-----+--------+

Top non-repeatable levels by time:
     D:1: 716 daAuts
     D:2: 1 daAuts
